| TOP OF THE 1ST |
|
Connecticut Tigers batting - Pitching for Vancouver Canadians : RHP Robby Granados
|
|
Pitching: RHP Robby Granados
|
|
|
Batting: RHB Janne Vihko
|
0-0: Ball 1-0: Ball 2-0: Called Strike 2-1: Called Strike 2-2: Foul Ball, location: 2F 2-2: Ball 3-2: Strikes out swinging
|
|
Batting: RHB Jaden Warrior
|
0-0: Called Strike 0-1: Swinging Strike 0-2: Ball 1-2: Ball 2-2: Foul Ball, location: 2F 2-2: SINGLE (Groundball, 4D, EV 95.6 MPH)
|
|
Batting: LHB Antonio Luis
|
0-0: Ball 1-0: Grounds into double play, 4-6-3 (Groundball, 4S, EV 81.9 MPH)
|
| Top of the 1st over - 0 runs, 1 hit, 0 errors, 0 left on base; Connecticut 0 - Vancouver 0 |
| BOTTOM OF THE 1ST |
|
Vancouver Canadians batting - Pitching for Connecticut Tigers : RHP Chris Wilkerson
|
|
Pitching: RHP Chris Wilkerson
|
|
|
Batting: LHB Ray Whitehead
|
0-0: Ball 1-0: Ball 2-0: Ball 3-0: Called Strike 3-1: Swinging Strike 3-2: Base on Balls
|
|
Batting: RHB Carlos Renteria
|
0-0: Ball 1-0: Swinging Strike 1-1: DOUBLE (Groundball, 5L, EV 98.8 MPH) Ray Whitehead to third
|
|
Batting: RHB Nikita Schram
|
0-0: Called Strike 0-1: Ball 1-1: Foul Ball, location: 2F 1-2: Foul Ball, location: 2F 1-2: Strikes out swinging
|
|
Batting: LHB Devin Huber
|
0-0: Ball 1-0: Ball 2-0: Ground out 3-1 (Groundball, 34, EV 82.5 MPH) Ray Whitehead scores Carlos Renteria to third
|
|
Batting: RHB Javier Garcia
|
0-0: Swinging Strike 0-1: Foul Ball, location: 2F 0-2: Strikes out swinging
|
| Bottom of the 1st over - 1 run, 1 hit, 0 errors, 1 left on base; Connecticut 0 - Vancouver 1 |
| TOP OF THE 2ND |
|
Connecticut Tigers batting - Pitching for Vancouver Canadians : RHP Robby Granados
|
|
Batting: RHB Zack DiCicco
|
0-0: Ball 1-0: Ball 2-0: Ball 3-0: Called Strike 3-1: Foul Ball, location: 2F 3-2: Fly out, F3 (Line Drive, 34, EV 71.9 MPH)
|
|
Batting: RHB Jeremiah Washington
|
0-0: Ball 1-0: SINGLE (Line Drive, 8RS, EV 85.6 MPH)
|
|
Batting: RHB Tony Nunez
|
Balk! Jeremiah Washington to second 0-0: Swinging Strike 0-1: DOUBLE (Line Drive, 9LM, EV 109.4 MPH) Jeremiah Washington scores
|
|
Batting: LHB Tokugoro Adachi
|
0-0: Called Strike 0-1: Ball 1-1: Ball 2-1: Ball 3-1: Called Strike 3-2: Strikes out looking
|
|
Batting: SHB Ian Arlotta
|
0-0: Called Strike 0-1: Ball 1-1: Ball 2-1: Foul Ball, location: 2F 2-2: Strikes out swinging
|
| Top of the 2nd over - 1 run, 2 hits, 0 errors, 1 left on base; Connecticut 1 - Vancouver 1 |
| BOTTOM OF THE 2ND |
|
Vancouver Canadians batting - Pitching for Connecticut Tigers : RHP Chris Wilkerson
|
|
Batting: RHB Norm Mercer
|
0-0: Foul Ball, location: 2F 0-1: Foul Ball, location: 2F 0-2: Foul Ball, location: 2F 0-2: Ball 1-2: Strikes out looking
|
|
Batting: LHB Tso-lin Fen
|
0-0: Foul Ball, location: 2F 0-1: Ball 1-1: Hit by Pitch
|
|
Batting: RHB Dan Hilyer
|
0-0: Called Strike Tso-lin Fen steals 2nd base 0-1: Ball 1-1: Fly out, F8 (Flyball, 8LM, EV 91.9 MPH)
|
|
Batting: RHB Luis Vargas
|
0-0: Ground out 6-3 (Groundball, 6, EV 102.5 MPH)
|
| Bottom of the 2nd over - 0 runs, 0 hits, 0 errors, 1 left on base; Connecticut 1 - Vancouver 1 |
| TOP OF THE 3RD |
|
Connecticut Tigers batting - Pitching for Vancouver Canadians : RHP Robby Granados
|
|
Batting: RHB Kaleb Yerger
|
0-0: Foul Ball, location: 2F 0-1: Foul Ball, location: 2F 0-2: Ball 1-2: Ball 2-2: Foul Ball, location: 2F 2-2: Foul Ball, location: 2F 2-2: Ball 3-2: Foul Ball, location: 2F 3-2: Strikes out swinging
|
|
Batting: RHB Janne Vihko
|
0-0: Ball 1-0: Ground out 1-3 (Groundball, 23, EV 67.5 MPH)
|
|
Batting: RHB Jaden Warrior
|
0-0: Called Strike 0-1: Foul Ball, location: 2F 0-2: Fly out, F9 (Flyball, 9, EV 90.0 MPH)
|
| Top of the 3rd over - 0 runs, 0 hits, 0 errors, 0 left on base; Connecticut 1 - Vancouver 1 |
| BOTTOM OF THE 3RD |
|
Vancouver Canadians batting - Pitching for Connecticut Tigers : RHP Chris Wilkerson
|
|
Batting: LHB Ray Whitehead
|
0-0: Ball 1-0: Ball 2-0: Ball 3-0: Called Strike 3-1: Called Strike 3-2: Base on Balls
|
|
Batting: RHB Carlos Renteria
|
0-0: Called Strike 0-1: Fielders Choice at 2nd, 6-4 (Groundball, 6, EV 93.8 MPH)
|
|
Batting: RHB Nikita Schram
|
0-0: SINGLE (Groundball, 6D, EV 104.4 MPH) Carlos Renteria to second
|
|
Batting: LHB Devin Huber
|
0-0: Ball 1-0: Called Strike 1-1: Ball 2-1: Ball 3-1: Called Strike 3-2: Base on Balls Carlos Renteria to third Nikita Schram to second
|
|
Batting: RHB Javier Garcia
|
0-0: SINGLE (Line Drive, 5L, EV 100.6 MPH) Carlos Renteria scores Nikita Schram to third Devin Huber to second
|
|
Batting: RHB Norm Mercer
|
0-0: Called Strike 0-1: Fly out, F8 (Flyball, 8RM, EV 90.6 MPH)
|
|
Batting: LHB Tso-lin Fen
|
0-0: Ball 1-0: Foul Ball, location: 2F 1-1: Foul Ball, location: 2F 1-2: Strikes out looking
|
| Bottom of the 3rd over - 1 run, 2 hits, 0 errors, 3 left on base; Connecticut 1 - Vancouver 2 |
| TOP OF THE 4TH |
|
Connecticut Tigers batting - Pitching for Vancouver Canadians : RHP Robby Granados
|
|
Batting: LHB Antonio Luis
|
0-0: Fly out, F5 (Popup, 25, EV 86.2 MPH)
|
|
Batting: RHB Zack DiCicco
|
0-0: Called Strike 0-1: Called Strike 0-2: Strikes out swinging
|
|
Batting: RHB Jeremiah Washington
|
0-0: Foul Ball, location: 2F 0-1: Ball 1-1: SINGLE (Line Drive, 6M, EV 95.6 MPH)
|
|
Batting: RHB Tony Nunez
|
0-0: Called Strike 0-1: Swinging Strike 0-2: Ball 1-2: Fielders Choice at 2nd, 6-4 (Groundball, 6, EV 97.5 MPH)
|
| Top of the 4th over - 0 runs, 1 hit, 0 errors, 1 left on base; Connecticut 1 - Vancouver 2 |
| BOTTOM OF THE 4TH |
|
Vancouver Canadians batting - Pitching for Connecticut Tigers : RHP Chris Wilkerson
|
|
Batting: RHB Dan Hilyer
|
0-0: Ball 1-0: Foul Ball, location: 2F 1-1: Ground out 5-3 (Groundball, 56S, EV 70.6 MPH)
|
|
Batting: RHB Luis Vargas
|
0-0: Ball 1-0: Ball 2-0: Ball 3-0: Called Strike 3-1: Foul Ball, location: 2F 3-2: Fly out, F9 (Flyball, 9, EV 88.8 MPH)
|
|
Batting: LHB Ray Whitehead
|
0-0: Called Strike 0-1: SINGLE (Groundball, 4, EV 95.0 MPH)
|
|
Batting: RHB Carlos Renteria
|
0-0: Fly out, F8 (Flyball, 8RD, EV 101.9 MPH)
|
| Bottom of the 4th over - 0 runs, 1 hit, 0 errors, 1 left on base; Connecticut 1 - Vancouver 2 |
| TOP OF THE 5TH |
|
Connecticut Tigers batting - Pitching for Vancouver Canadians : RHP Robby Granados
|
|
Batting: LHB Tokugoro Adachi
|
0-0: Ball 1-0: Swinging Strike 1-1: Called Strike 1-2: Strikes out swinging
|
|
Batting: SHB Ian Arlotta
|
0-0: Ball 1-0: Ball 2-0: Ball 3-0: Called Strike 3-1: Base on Balls
|
|
Batting: RHB Kaleb Yerger
|
0-0: Ball 1-0: Ball 2-0: Called Strike 2-1: Ball 3-1: Foul Ball, location: 2F 3-2: Base on Balls Ian Arlotta to second
|
|
Batting: RHB Janne Vihko
|
0-0: Called Strike 0-1: SINGLE (Groundball, 6MS, EV 68.8 MPH) (infield hit) Ian Arlotta to third Kaleb Yerger to second
|
|
Batting: RHB Jaden Warrior
|
0-0: Ball 1-0: Ball 2-0: Ball 3-0: Called Strike 3-1: Swinging Strike 3-2: Fielders Choice at 2nd, 6-4 (Groundball, 6M, EV 92.5 MPH) Ian Arlotta scores Kaleb Yerger to third
|
|
Batting: LHB Antonio Luis
|
0-0: Called Strike 0-1: Called Strike 0-2: Fly out, F8 (Flyball, 78S, EV 72.5 MPH)
|
| Top of the 5th over - 1 run, 1 hit, 0 errors, 2 left on base; Connecticut 2 - Vancouver 2 |
| BOTTOM OF THE 5TH |
|
Vancouver Canadians batting - Pitching for Connecticut Tigers : RHP Chris Wilkerson
|
|
Batting: RHB Nikita Schram
|
0-0: Ball 1-0: Called Strike 1-1: Ball 2-1: SINGLE (Line Drive, 9LS, EV 96.9 MPH)
|
|
Batting: LHB Devin Huber
|
0-0: Ball 1-0: Called Strike Nikita Schram steals 2nd base 1-1: Foul Ball, location: 2F 1-2: Fly out, F8 (Line Drive, 89M, EV 92.5 MPH)
|
|
Batting: RHB Javier Garcia
|
0-0: Called Strike 0-1: Ball Wild Pitch! Nikita Schram to third 1-1: Ground out 6-3 (Groundball, 6, EV 83.8 MPH) Nikita Schram scores
|
|
Batting: RHB Norm Mercer
|
0-0: Ball 1-0: Foul Ball, location: 2F 1-1: Foul Ball, location: 2F 1-2: Ball 2-2: Foul Ball, location: 2F 2-2: SINGLE (Flyball, 8LS, EV 84.4 MPH)
|
|
Batting: LHB Tso-lin Fen
|
0-0: Ball 1-0: Ground out 4-3 (Groundball, 3, EV 100.6 MPH)
|
| Bottom of the 5th over - 1 run, 2 hits, 0 errors, 1 left on base; Connecticut 2 - Vancouver 3 |
| TOP OF THE 6TH |
|
Connecticut Tigers batting - Pitching for Vancouver Canadians : RHP Robby Granados
|
|
Batting: RHB Zack DiCicco
|
0-0: Ball 1-0: Ball 2-0: Called Strike 2-1: Foul Ball, location: 2F 2-2: Strikes out swinging
|
|
Batting: RHB Jeremiah Washington
|
0-0: Ball 1-0: Ball 2-0: Called Strike 2-1: Ball 3-1: Called Strike 3-2: Ground out 5-3 (Groundball, 5L, EV 91.2 MPH)
|
|
Batting: RHB Tony Nunez
|
0-0: Ball 1-0: Ball 2-0: Foul Ball, location: 2F 2-1: SINGLE (Groundball, 56D, EV 95.0 MPH)
|
|
Pitching: RHP Steffen Joseph
|
|
|
Batting: LHB Tokugoro Adachi
|
0-0: Ball Wild Pitch! Tony Nunez to second 1-0: Called Strike 1-1: Swinging Strike 1-2: Strikes out looking
|
| Top of the 6th over - 0 runs, 1 hit, 0 errors, 1 left on base; Connecticut 2 - Vancouver 3 |
| BOTTOM OF THE 6TH |
|
Vancouver Canadians batting - Pitching for Connecticut Tigers : RHP Chris Wilkerson
|
|
Pitching: RHP Sho Sekine
|
|
|
Batting: RHB Dan Hilyer
|
0-0: Called Strike 0-1: Ball 1-1: Called Strike 1-2: Strikes out swinging
|
|
Batting: RHB Luis Vargas
|
0-0: Ball 1-0: Ball 2-0: Ball 3-0: Base on Balls
|
|
Batting: LHB Ray Whitehead
|
0-0: Ball 1-0: Foul Ball, location: 2F 1-1: Called Strike Luis Vargas steals 2nd base 1-2: Ball 2-2: Strikes out swinging
|
|
Batting: RHB Carlos Renteria
|
0-0: Called Strike 0-1: Ball 1-1: Ball 2-1: SINGLE (Groundball, 6MS, EV 70.6 MPH) (infield hit) Luis Vargas to third
|
|
Batting: RHB Nikita Schram
|
0-0: Ball 1-0: Called Strike 1-1: Ball 2-1: Ball 3-1: Base on Balls Carlos Renteria to second
|
|
Batting: LHB Devin Huber
|
0-0: Called Strike 0-1: Called Strike 0-2: Foul Ball, location: 2F 0-2: Ball 1-2: Foul Ball, location: 2F 1-2: Strikes out swinging
|
| Bottom of the 6th over - 0 runs, 1 hit, 0 errors, 3 left on base; Connecticut 2 - Vancouver 3 |
| TOP OF THE 7TH |
|
Connecticut Tigers batting - Pitching for Vancouver Canadians : RHP Steffen Joseph
|
|
Batting: SHB Ian Arlotta
|
0-0: Fly out, F8 (Line Drive, 8LM, EV 87.5 MPH)
|
|
Batting: RHB Kaleb Yerger
|
0-0: Called Strike 0-1: Swinging Strike 0-2: Strikes out looking
|
|
Batting: RHB Janne Vihko
|
0-0: SINGLE (Groundball, 56D, EV 99.4 MPH)
|
|
Batting: RHB Jaden Warrior
|
0-0: SINGLE (Groundball, 4MD, EV 107.5 MPH) Janne Vihko to second Runner from 2nd tries for 3rd, SAFE, throw by CF made to third
|
|
Batting: LHB Antonio Luis
|
0-0: Called Strike 0-1: Ball 1-1: SINGLE (Line Drive, 3D, EV 102.5 MPH) Janne Vihko scores Jaden Warrior to second
|
|
Batting: RHB Zack DiCicco
|
0-0: Fly out, F7 (Flyball, 7D, EV 83.1 MPH)
|
| Top of the 7th over - 1 run, 3 hits, 0 errors, 2 left on base; Connecticut 3 - Vancouver 3 |
| BOTTOM OF THE 7TH |
|
Vancouver Canadians batting - Pitching for Connecticut Tigers : RHP Sho Sekine
|
|
Batting: RHB Javier Garcia
|
0-0: Swinging Strike 0-1: Foul Ball, location: 2F 0-2: Strikes out looking
|
|
Batting: RHB Norm Mercer
|
0-0: Ball 1-0: Called Strike 1-1: Ball 2-1: Ball 3-1: Foul Ball, location: 2F 3-2: Ground out 4-3 (Groundball, 4, EV 81.9 MPH)
|
|
Pitching: RHP Larry Mathieu
|
|
|
Batting: LHB Tso-lin Fen
|
0-0: SINGLE (Groundball, 56S, EV 70.0 MPH) (infield hit)
|
|
Pinch Hitting: LHB Roald Jacobs
|
0-0: Ball 1-0: Called Strike Tso-lin Fen steals 2nd base 1-1: Intentional Walk
|
|
Batting: RHB Luis Vargas
|
0-0: Ball 1-0: Ball 2-0: Called Strike 2-1: Ground out 5-3 (Groundball, 5S, EV 88.1 MPH)
|
| Bottom of the 7th over - 0 runs, 1 hit, 0 errors, 2 left on base; Connecticut 3 - Vancouver 3 |
| TOP OF THE 8TH |
|
Connecticut Tigers batting - Pitching for Vancouver Canadians : RHP Steffen Joseph
|
|
Now in LF: Roald Jacobs
|
|
|
Now in CF: Tso-lin Fen
|
|
|
Pinch Hitting: LHB Nick Swank
|
0-0: Foul Ball, location: 2F 0-1: Foul Ball, location: 2F 0-2: Ball 1-2: Foul Ball, location: 2F 1-2: Strikes out swinging
|
|
Batting: RHB Tony Nunez
|
0-0: Called Strike 0-1: Ball 1-1: Fly out, F4 (Line Drive, 4M, EV 63.1 MPH)
|
|
Batting: LHB Tokugoro Adachi
|
0-0: Ball 1-0: SINGLE (Line Drive, 56D, EV 103.8 MPH)
|
|
Batting: SHB Ian Arlotta
|
0-0: Foul Ball, location: 2F 0-1: Foul Ball, location: 2F 0-2: Ball 1-2: Ball 2-2: Ball 3-2: Strikes out swinging
|
| Top of the 8th over - 0 runs, 1 hit, 0 errors, 1 left on base; Connecticut 3 - Vancouver 3 |
| BOTTOM OF THE 8TH |
|
Vancouver Canadians batting - Pitching for Connecticut Tigers : RHP Larry Mathieu
|
|
Pitching: LHP Victor Villarreal
|
|
|
Now at 2B: Ryohei Nakano
|
|
|
Batting: RHB Paul Healy
|
0-0: Ball 1-0: Foul Ball, location: 2F 1-1: Foul Ball, location: 2F 1-2: DOUBLE (Flyball, 89XD, EV 98.1 MPH)
|
|
Batting: RHB Carlos Renteria
|
0-0: Ball 1-0: Ball 2-0: Sac Bunt to 2R - play at first, batter OUT! 2-4 Paul Healy to third
|
|
Batting: RHB Nikita Schram
|
0-0: Intentional Walk
|
|
Pinch Hitting: RHB Mike Strey
|
0-0: Ball 1-0: Called Strike 1-1: Called Strike 1-2: SINGLE (Groundball, 34D, EV 96.9 MPH) Paul Healy scores Nikita Schram to second Runner from 2nd tries for 3rd, SAFE, throw by RF made to third
|
|
Batting: RHB Javier Garcia
|
0-0: Ball 1-0: Ball 2-0: Fielders Choice at 2nd, 4-6 (Groundball, 34D, EV 88.1 MPH) Nikita Schram scores
|
|
Batting: RHB Norm Mercer
|
0-0: Ball 1-0: Ball 2-0: Fly out, F8 (Flyball, 8RXD, EV 96.9 MPH)
|
| Bottom of the 8th over - 2 runs, 2 hits, 0 errors, 1 left on base; Connecticut 3 - Vancouver 5 |
| TOP OF THE 9TH |
|
Connecticut Tigers batting - Pitching for Vancouver Canadians : RHP Steffen Joseph
|
|
Pitching: RHP Josh Long
|
|
|
Now in RF: Scott Robbins
|
|
|
Batting: RHB Kaleb Yerger
|
0-0: Ground out 5-3 (Groundball, 56, EV 85.0 MPH)
|
|
Batting: RHB Janne Vihko
|
0-0: Called Strike 0-1: Swinging Strike 0-2: Foul Ball, location: 2F 0-2: Ball 1-2: Strikes out swinging
|
|
Batting: RHB Jaden Warrior
|
0-0: Called Strike 0-1: Fly out, F9 (Line Drive, 9, EV 94.4 MPH)
|
| Top of the 9th over - 0 runs, 0 hits, 0 errors, 0 left on base; Connecticut 3 - Vancouver 5 |
|